 Dungeon Crawl Stone Soup version 0.19-a0-994-g3c636f0 (webtiles) character file.

152 Leszczynek the Cudgeler (level 5, 0/50 HPs)
             Began as an Ogre Conjurer on July 17, 2016.
             Was an Initiate of Makhleb.
             Slain by Blork the orc
             ... wielding a +0 battleaxe of flaming
              (6 damage)
             ... on level 4 of the Dungeon.
             The game lasted 00:13:03 (1888 turns).

Leszczynek the Cudgeler (Ogre Conjurer)             Turns: 1888, Time: 00:13:04

Health: 0/50       AC:  3    Str: 14    XL:     5   Next: 34%
Magic:  8/8        EV: 15    Int: 14    God:    Makhleb [......]
Gold:   238        SH:  0    Dex: 15    Spells: 2 memorised, 5 levels left

rFire  . . .     SeeInvis .     a - +0 flail
rCold  . . .     Gourm    .     h - +0 robe
rNeg   . . .     Faith    .     (no shield)
rPois  +         Spirit   .     (helmet restricted)
rElec  .         Dismiss  .     (no cloak)
rCorr  +         Reflect  .     (gloves unavailable)
SustAt .         Harm     +     (boots unavailable)
MR     .....                    j - amulet of harm
Stlth  +++.......               B - ring of poison resistance
                                o - ring of resist corrosion

@: agile, not resistant to hostile enchantments, fairly stealthy
A: unfitting armour, tough skin 1
a: Renounce Religion


You were on level 4 of the Dungeon.
You worshipped Makhleb.
Makhleb was noncommittal.
You were not hungry.

You visited 1 branch of the dungeon, and saw 4 of its levels.

You collected 238 gold pieces.

Inventory:

Hand Weapons
 a - a +0 flail (weapon)
 i - a +0 club
 s - a +0 short sword
Missiles
 e - 6 needles of confusion
 y - 18 poisoned needles
 z - 3 tomahawks (quivered)
Armour
 h - a +0 robe (worn)
Jewellery
 j - an amulet of harm (around neck)
 o - a ring of resist corrosion (left hand)
 B - a ring of poison resistance (right hand)
 C - an uncursed amulet of magic regeneration {unknown}
Scrolls
 d - a scroll of noise {unknown}
 k - a scroll of recharging {unknown}
 l - 3 scrolls of identify
 p - a scroll of amnesia {unknown}
 q - 2 scrolls of fog {unknown}
 r - 2 scrolls of blinking {unknown}
 u - a scroll of enchant armour {unknown}
 v - 2 scrolls of remove curse {unknown}
 w - a scroll of teleportation {unknown}
 x - a scroll of immolation {unknown}
Potions
 m - a potion of haste {unknown}
 A - a potion of cancellation
Books
 b - a book of Conjurations

   Spells                             Type                      Level
   a - Magic Dart                     Conjuration                  1
   b - Searing Ray                    Conjuration                  2
   c - Dazzling Spray                 Conjuration/Hexes            3
   d - Fulminant Prism                Conjuration/Hexes            4
   e - Iskenderun's Mystic Blast      Conjuration                  4
   f - Iskenderun's Battlesphere      Conjuration/Charms           5
Comestibles
 c - 5 bread rations
 n - a meat ration


   Skills:
 - Level 2.5 Fighting
 * Level 5.7 Maces & Flails
 - Level 1.7 Dodging
 - Level 1.5 Stealth
 - Level 2.4 Spellcasting
 - Level 2.9 Conjurations


You had 5 spell levels left.
You knew the following spells:

 Your Spells              Type           Power        Failure   Level  Hunger
a - Magic Dart            Conj           ##..         10%         1    #......
b - Searing Ray           Conj           ##....       12%         2    ###....


Dungeon Overview and Level Annotations

Branches:
Dungeon (4/15)
 Temple: D:4-7

Altars:
Ashenzari
Hepliaklqana
Makhleb
Okawaru
Yredelemnul
Zin

Annotations:
D:4 Blork the orc


Innate Abilities, Weirdness & Mutations

You are too large for most types of armour.
You have tough skin. (AC +1)


Message History

You assume a fearsome visage.
The giant frog skeleton is unaffected.
You hear some strange, mumbled words.
A puff of frost appears from out of thin air!
The puff of frost hits you!
You hear some strange, mumbled words.
A puff of frost appears from out of thin air!
The puff of frost misses you.
A magic dart appears from out of thin air!
The magic dart hits you!
You aren't carrying any items that you can evoke.
Unknown command.
It was a potion of cancellation.
You feel magically purged. Something hits you.
* * * LOW HITPOINT WARNING * * *
Something burns you.
* * * LOW HITPOINT WARNING * * *
Unknown command.
It was a potion of agility.
You feel agile all of a sudden. Something hits you.
You die...

.##.##########
#.#...#
.##..........#
#.#.###
.###########.#
#.#.# .# #.# #.#.#
.. #.# #.#.# #
#.########.# #.#.#
#..........###Z#.#
##..._...##.#.#
#####....._...@#.#
..................#
#####._..⌠.....####
#..........#
#.._..._...# ###
#........###
............###
########...## #####


You could see a giant frog skeleton.

Vanquished Creatures
  A worker ant (D:4)
  4 gnolls (D:3)
  3 adders
  3 worms
  2 dart slugs
  3 orcs
  4 giant cockroaches
  4 goblins
  5 hobgoblins
  2 quokkas (D:3)
  A ball python (D:1)
  10 bats
  2 kobolds
  6 rats
50 creatures vanquished.

Notes
Turn   | Place    | Note
-------+----------+-------------------------------------------
     0 | D:1      | Leszczynek the Ogre Conjurer began the quest for the Orb.
     0 | D:1      | Reached XP level 1. HP: 16/16 MP: 3/3
    17 | D:1      | Reached skill level 1 in Fighting
   205 | D:1      | Reached skill level 2 in Fighting
   205 | D:1      | Reached XP level 2. HP: 27/28 MP: 1/5
   244 | D:1      | Reached skill level 1 in Maces & Flails
   397 | D:1      | Learned a level 2 spell: Searing Ray
   420 | D:2      | Reached skill level 2 in Maces & Flails
   456 | D:2      | Reached XP level 3. HP: 16/36 MP: 0/6
   937 | D:3      | Reached skill level 3 in Maces & Flails
  1026 | D:3      | Reached XP level 4. HP: 44/44 MP: 2/7
  1027 | D:3      | Reached skill level 4 in Maces & Flails
  1164 | D:2      | Found a shattered altar of Ashenzari.
  1417 | D:3      | Reached skill level 5 in Maces & Flails
  1417 | D:3      | Reached XP level 5. HP: 50/50 MP: 4/8
  1584 | D:4      | Noticed an ice beast
  1711 | D:4      | Found an iron altar of Okawaru.
  1714 | D:4      | Found a basalt altar of Yredelemnul.
  1714 | D:4      | Found a glowing silver altar of Zin.
  1715 | D:4      | Found a hazy altar of Hepliaklqana.
  1715 | D:4      | Found a burning altar of Makhleb.
  1754 | D:4      | Noticed Blork the orc
  1785 | D:4      | Became a worshipper of Makhleb the Destroyer
  1888 | D:4      | Slain by Blork the orc

Vault maps used:
D:1:      dpeg_arrival_ratfight
D:2:      first_bread, kennysheep_small_spiral, ashenzari_altar_1
D:4:      grunt_temple_overflow_open, nemelex_dance_club_becter,
          uniq_crazy_yiuf_cottage, uniq_edmund, uniq_natasha, uniq_blork_the_orc

Skill      XL: |  1  2  3  4 |
---------------+-------------+-----
Fighting       | 2 |  2.5
Maces & Flails | 2 3 5 |  5.7
Dodging        | |  1.7
Stealth        | |  1.5
Spellcasting   | |  2.4
Conjurations   | |  2.9

Action                   |  1- 3 |  4- 6 || total
-------------------------+-------+-------++-------
Melee: Unarmed           |     7 |       ||     7
       Short sword       |    62 |       ||    62
       Flail             |     8 |    23 ||    31
 Cast: Magic Dart        |    44 |    12 ||    56
       Searing Ray       |     3 |     3 ||     6
  Use: Potion            |       |     4 ||     4
       Scroll            |       |     3 ||     3
 Stab: Sleeping          |     1 |       ||     1
  Eat: Chunk             |     2 |     3 ||     5
Armor: Robe              |    49 |     5 ||    54
       Skin              |       |     9 ||     9
Dodge: Dodged            |    71 |    19 ||    90
